 Dungeon Crawl Stone Soup version 0.30-a0-728-gc68057be0a (webtiles) character file.

Game seed: 15411409547323805115

13802 kae the Geomancer (level 12, -9/64 HPs)
             Began as a Gargoyle Earth Elementalist on Jan 30, 2023.
             Was an Elder of Vehumet.
             Mangled by a yak (11 damage)
             ... on level 1 of the Lair of Beasts.
             The game lasted 00:14:10 (13336 turns).

kae the Geomancer (Gargoyle Earth Elementalist)    Turns: 13336, Time: 00:14:11

Health: -9/64      AC: 18    Str: 14    XL:     12   Next: 9%
Magic:  19/26      EV: 12    Int: 19    God:    Vehumet [****..]
Gold:   380        SH:  0    Dex: 10    Spells: 13/31 levels left

rFire   . . .      SeeInvis +    h - +3 war axe (elec)
rCold   . . .      Faith    .    (no shield)
rNeg    + . .      Spirit   .    B - +0 steam dragon scales rPois โˆž Reflect .
                                 m - +2 helmet
rElec   +          Harm     .    (no cloak)
rCorr   .          Rampage  .    f - +1 pair of gloves
Will    +....                    (no boots)
Stlth   ++                       (no amulet)
HPRegen 0.30/turn                y - ring of willpower
MPRegen 0.20/turn                v - ring of see invisible

@: no status effects
A: sickness immunity, AC +8, negative energy resistance 1, electricity
resistance, torment resistance 1, petrification resistance
a: Renounce Religion


You were on level 1 of the Lair of Beasts.
You worshipped Vehumet.
Vehumet was greatly pleased with you.
You visited 3 branches of the dungeon, and saw 12 of its levels.
You also visited: Ossuary.

You collected 864 gold pieces.
You spent 484 gold pieces at shops.


Innate Abilities, Weirdness & Mutations

You are immune to sickness and miasma.
Your stone body is resilient. (AC +8)
You are immune to poison.
You resist negative energy. (rN+)
You are resistant to electric shocks. (rElec)
You are resistant to unholy torment.
You are immune to petrification.


   Skills:
 + Level 2.7 Fighting
 + Level 2.7 Dodging
 - Level 2.1 Stealth
 * Level 10.3 Spellcasting
 * Level 11.7 Conjurations
 - Level 0.7 Transmutations
 * Level 13.5 Earth Magic


You had 13 spell levels left.
You knew the following spells:

 Your Spells              Type           Power      Damage    Failure   Level
a - Sandblast             Erth           100%       2d20      1%          1
b - Stone Arrow           Conj/Erth      100%       3d13      1%          3
c - Lehudib's Crystal Sp  Conj/Erth      27%        10d7      54%         8
d - Petrify               Tmut/Erth      36%        N/A       3%          4
e - Passwall              Tmut/Erth      30%        N/A       1%          2

Your spell library contained the following spells:

 Spells                   Type           Power      Damage    Failure   Level
 Frozen Ramparts          Ice            18%        1d3       6%          3
 Kiss of Death            Conj/Necr      100%       2d13      1%          1
 Iskenderun's Battlesphe  Conj           53%        2d10      1%          5
 Iron Shot                Conj/Erth      27%        9d6       1%          6
 Summon Small Mammal      Summ           36%        N/A       8%          1
 Lesser Beckoning         Tloc           18%        N/A       11%         2
 Call Canine Familiar     Summ           9%         N/A       22%         3
 Confusing Touch          Hex            9%         N/A       22%         3
 Gell's Gravitas          Tloc           9%         N/A       22%         3
 Summon Guardian Golem    Hex/Summ       9%         N/A       22%         3
 Teleport Other           Tloc           9%         N/A       22%         3
 Dispel Undead            Necr           9%         3d8       58%         4
 Passage of Golubria      Tloc           9%         N/A       58%         4
 Summon Lightning Spire   Summ/Air       9%         N/A       58%         4
 Spellforged Servitor     Conj/Summ      16%        N/A       77%         7
 Silence                  Hex/Air        4%         N/A       90%         5
 Death Channel            Necr           4%         N/A       100%        6
 Dispersal                Tloc           4%         N/A       100%        6
 Storm Form               Tmut/Air       5%         N/A       100%        7
 Maxwell's Capacitive Co  Air            4%         โˆž       100%        8
 Cigotuvi's Dreadful Rot  Necr/Pois/Air  Unusable   N/A       N/A         2

Inventory:

Hand Weapons
 h - a +3 war axe of electrocution (weapon)
   (You found it on level 1 of the Dungeon)
Missiles
 c - 113 stones
 d - 47 poisoned darts
 x - 7 boomerangs
 I - 4 curare-tipped darts {=f}
Armour
 f - a +1 pair of gloves (worn)
   (You found it on level 1 of the Dungeon)
 m - a +2 helmet (worn)
   (You found it on level 2 of the Dungeon)
 B - +0 steam dragon scales (worn)
   (You found it on level 8 of the Dungeon)
 G - the +2 robe of the Armoured One {rF+ Str+2}
   (You found it on level 10 of the Dungeon)

   Str:       It affects your strength (+2).
   rF:        It protects you from fire.
Jewellery
 v - a ring of see invisible (right hand)
   (You found it on level 9 of the Dungeon)
 y - a ring of willpower (left hand)
   (You found it on level 5 of the Dungeon)
 N - a ring of positive energy
   (You found it on level 9 of the Dungeon)
Wands
 k - a wand of mindburst (18)
   (You found it in an ossuary)
 u - a wand of charming (2)
   (You found it on level 4 of the Dungeon)
 z - a wand of flame (16)
   (You found it on level 7 of the Dungeon)
 C - a wand of iceblast (23)
   (You took it off Maurice on level 8 of the Dungeon)
 J - a wand of polymorph (7)
   (You found it on level 1 of the Lair of Beasts)
Scrolls
 a - a scroll of magic mapping {!r}
 i - 2 scrolls of summoning
 p - 3 scrolls of teleportation {@r4}
 s - 3 scrolls of enchant weapon
 D - a scroll of vulnerability {!r!r}
 E - a scroll of immolation {!r!r}
 F - a scroll of identify {@r1}
 H - a scroll of blinking {!r}
Potions
 b - a potion of brilliance
 e - a potion of flight
 g - 4 potions of heal wounds {@q2}
 j - 6 potions of mutation {!q}
 l - 9 potions of curing {@q1}
 n - a potion of resistance
 o - 2 potions of invisibility
 q - 2 potions of degeneration {!q}
 r - 3 potions of attraction {!q}
 t - 2 potions of haste {@q3}
 w - 4 potions of lignification {!q}
 A - 2 potions of might
 K - a potion of magic

Dungeon Overview and Level Annotations

Branches:
Dungeon (10/15) Zot: 25776  Temple (1/1) D:4 Zot: 5985    Lair (1/5) D:10 Zot: 4600
Ossuary (visited)
    Orc: D:9-12

Altars:
Ashenzari
Cheibriados
Dithmenos
Elyvilon
Fedhas
Gozag
Hepliaklqana
Kikubaaqudgha
Makhleb
Nemelex Xobeh
Okawaru
Qazlal
Ru
Sif Muna
Trog
Uskayaw
Vehumet
Wu Jian
Xom
Yredelemnul
Zin
The Shining One

Shops:
D:2 !   D:7 *!*   D:8 [

Annotations:
D:9 2 transporters, Jano's ghost, novice HOFi

.........##......................
........###......................
........###..#...>...............
.........P##.....................
..........#####.#.#..............
...........## #######P........P.#
..รท....#.#..# ####..........P#
.......###..# ###.##.........
.....^.##...# #@#....###....#
.....#.#..P## #FY....# #...#
.....###.### ##Y...## ####
#.....#### #....# #....##
#P.......# ..#### #..........
####### ##.........# ####..#
#.........# #.#...# #........##


You could see 2 yaks and a bullfrog.


Message History

The bullfrog hits you but does no damage.
The yak gores you but does no damage. ๐Ÿ˜ฎ HP[+1] MP[-1]
You lost 1 mp, and now have 21/26 mp.
Casting: Sandblast (safe; 1% risk of failure)
Confirm with . or Enter, or press ? or * to list all spells.
Aiming: Sandblast (safe; 1% risk of failure)
Press: ? - help, Shift-Dir - straight line, f/p - yak
Aim: a yak (almost dead, 91% to hit)
The blast of sand hits the yak!
You kill the yak!
Vehumet accepts your kill.
You feel your power returning.
The bullfrog hits you but does no damage.
The bullfrog closely misses you. x2; The yak completely misses you. ๐Ÿ˜ฎ MP[+2]
You regained 2 mp, and now have 23/26 mp.
Casting: Sandblast (safe; 1% risk of failure)
Confirm with . or Enter, or press ? or * to list all spells.
Aiming: Sandblast (safe; 1% risk of failure)
Press: ? - help, Shift-Dir - straight line, f - yak
Aim: a yak (91% to hit)
The blast of sand hits the yak!
The bullfrog hits you but does no damage.
The yak misses you.
The bullfrog hits you but does no damage. ๐Ÿ˜ฎ HP[+1] MP[-1]
You lost 1 mp, and now have 22/26 mp.
Casting: Sandblast (safe; 1% risk of failure)
Confirm with . or Enter, or press ? or * to list all spells.
Aiming: Sandblast (safe; 1% risk of failure)
Press: ? - help, Shift-Dir - straight line, f/p - yak
Aim: a yak (heavily wounded, 91% to hit)
The blast of sand hits the yak!
The bullfrog barely misses you. The yak gores you. The bullfrog hits you!
* * * LOW HITPOINT WARNING * * *
The yak closely misses you. ๐Ÿ˜จ HP[-11] MP[-1]
You take 11 damage, and now have 29/64 hp.
You lost 1 mp, and now have 21/26 mp.
Casting: Sandblast (safe; 1% risk of failure)
Confirm with . or Enter, or press ? or * to list all spells.
Aiming: Sandblast (safe; 1% risk of failure)
Press: ? - help, Shift-Dir - straight line, f/p - yak
Aim: a yak (severely wounded, 91% to hit)
The blast of sand hits the yak!!
You kill the yak!
Vehumet accepts your kill.
You feel your power returning. The bullfrog closely misses you.
The bullfrog barely misses you. The bullfrog hits you.
* * * LOW HITPOINT WARNING * * *
๐Ÿ˜จ HP[-1] MP[+1]
You take 1 damage, and now have 28/64 hp.
Casting: Sandblast (safe; 1% risk of failure)
Confirm with . or Enter, or press ? or * to list all spells.
Aiming: Sandblast (safe; 1% risk of failure)
Press: ? - help, Shift-Dir - straight line, f - yak
Aim: a yak (91% to hit)
The blast of sand hits the yak!
The bullfrog closely misses you. The yak closely misses you.
The bullfrog hits you but does no damage.
The yak gores you!
* * * LOW HITPOINT WARNING * * *
๐Ÿ˜จ HP[-7] MP[-1]
You take 7 damage, and now have 21/64 hp.
You lost 1 mp, and now have 21/26 mp.
Casting: Sandblast (safe; 1% risk of failure)
Confirm with . or Enter, or press ? or * to list all spells.
Aiming: Sandblast (safe; 1% risk of failure)
Press: ? - help, Shift-Dir - straight line, f/p - yak
Aim: a yak (moderately wounded, 91% to hit)
The blast of sand hits the yak!
The bullfrog hits you but does no damage.
The yak gores you!
* * * LOW HITPOINT WARNING * * *
The bullfrog closely misses you. ๐Ÿ˜ฑ HP[-11] MP[-1]
You take 11 damage, and now have 10/64 hp.
You lost 1 mp, and now have 20/26 mp.
Casting: Sandblast (safe; 1% risk of failure)
Confirm with . or Enter, or press ? or * to list all spells.
Aiming: Sandblast (safe; 1% risk of failure)
Press: ? - help, Shift-Dir - straight line, f/p - yak
Aim: a yak (heavily wounded, 91% to hit)
The blast of sand misses the yak.
The bullfrog barely misses you. The yak gores you but does no damage.
The bullfrog hits you but does no damage.
The yak gores you!
* * * LOW HITPOINT WARNING * * *
๐Ÿ˜ฑ HP[-8]
You take 8 damage, and now have 2/64 hp.
Casting: Sandblast (safe; 1% risk of failure)
Confirm with . or Enter, or press ? or * to list all spells.
Aiming: Sandblast (safe; 1% risk of failure)
Press: ? - help, Shift-Dir - straight line, f/p - yak
Aim: a yak (heavily wounded, 91% to hit)
The blast of sand hits the yak!
The bullfrog hits you but does no damage.
The bullfrog closely misses you. The yak gores you!
You die...

Skill      XL: |  1  2  3  4  5  6  7  8  9 10 11 |
---------------+----------------------------------+-----
Earth Magic    | 4 5 6 7 8 10 12 13 | 13.5
Conjurations   | 1 3 5 6 8 10 11 | 11.7
Spellcasting   | 3 4 5 6 7 9 10 | 10.3
Fighting       | 2 |  2.7
Dodging        | 2 |  2.7
Stealth        | |  2.1
Transmutations | |  0.7

Action                     |  1- 3 |  4- 6 |  7- 9 | 10-12 || total
---------------------------+-------+-------+-------+-------++-------
  Melee: War axe           |       |    13 |    12 |     6 ||    31
         Punch             |       |       |     1 |       ||     1
   Cast: Sandblast         |    52 |    49 |   103 |   111 ||   315
         Stone Arrow       |       |       |    73 |   126 ||   199
  Evoke: Wand              |       |       |       |     2 ||     2
    Use: Potion            |     2 |       |     1 |       ||     3
         Scroll            |     1 |     7 |    13 |     3 ||    24
 Armour: Robe              |     6 |    17 |    29 |       ||    52
         Steam dragon scal |       |       |     2 |    82 ||    84
  Dodge: Dodged            |    10 |    19 |    48 |   106 ||   183

Levels and vault maps discovered:
D:1:      dpeg_arrival_oval, layout_basic, minmay_misc_feat_diagonals,
          minmay_domino_2
D:2:      layout_loops_corners, serial_shops, shop_statue
D:3:      layout_basic, mainiacjoe_overflow_surrounded_room, uniq_grinder
D:4:      cheibrodos_barr_body, layout_layer_cave,
          mainiacjoe_overflow_cross_hatched, lemuel_doored_altar,
          jmf_multi_god_temple, minmay_temple_entry_trees,
          gup_ossuary_entry_pyramid
D:5:      layout_gridville, lemuel_round_altar, lemuel_crystal_altar,
          nicolae_ru_awakened_eye, uniq_ijyb
D:6:      layout_basic
D:7:      layout_loops_ring, mainiacjoe_overflow_alcove_2, serial_shops, shop,
          shop, shop_coins, nicolae_concentric_dashed_squares_mild,
          serial_bayou_pond_e
D:8:      layout_loops_ring, general_overflow_altar, serial_shops, shop,
          uniq_maurice
D:9:      layout_cave_pools, gammafunk_ghost_wrathful_warriors, serial_park,
          serial_park_square3 [serial_park_minivault_5x5_3], serial_park_gazebo
          [serial_park_minivault_5x5_3], serial_park_square3
          [serial_park_minivault_5x5_8]
D:10:     layout_roguey, lair_entry_dummy, special_room [special_room_kobold]
Temple:   nicolae_temple_no_exploring_needed
Lair:1:   layout_cave_shapes

Notes
Turn   | Place    | Note
-------+----------+-------------------------------------------
     0 | D:1      | kae the Gargoyle Earth Elementalist began the quest for the
                  | Orb.
     0 | D:1      | Reached XP level 1. HP: 10/10 MP: 3/3
     0 | D:1      | magus.rc [v1.11.3]
   112 | D:1      | Reached skill level 4 in Earth Magic
   118 | D:1      | Reached XP level 2. HP: 15/15 MP: 1/5
   644 | D:1      | Reached XP level 3. HP: 19/19 MP: 2/6
   647 | D:1      | Learned a level 2 spell: Passwall
   651 | D:1      | Learned a level 3 spell: Stone Arrow
   705 | D:1      | HP: 1/19 [gnoll/+0 flail (7)]
   849 | D:1      | Reached skill level 1 in Conjurations
  1151 | D:2      | Found Jeptuq's Distillery.
  1167 | D:2      | Reached skill level 5 in Earth Magic
  1167 | D:2      | Reached XP level 4. HP: 24/24 MP: 6/8
  1169 | D:2      | Bought a potion of curing for 42 gold pieces
  1297 | D:2      | You fall into a shaft and drop 1 floor!
  1316 | D:3      | You pick up a book of Callings and begin reading...
  1316 | D:3      | You add the spells Summon Small Mammal, Call Canine
                  | Familiar and Summon Guardian Golem to your library.
  1615 | D:3      | Found a shimmering blue altar of Sif Muna.
  1813 | D:3      | Noticed Grinder
  1821 | D:3      | Killed Grinder
  1822 | D:3      | Reached skill level 3 in Spellcasting
  1822 | D:3      | Reached skill level 3 in Conjurations
  1822 | D:3      | Reached skill level 6 in Earth Magic
  1822 | D:3      | Reached XP level 5. HP: 18/28 MP: 3/10
  1822 | D:3      | Reached XP level 6. HP: 21/32 MP: 3/11
  2739 | D:2      | Learned a level 4 spell: Petrify
  2958 | D:4      | Reached skill level 4 in Spellcasting
  2998 | D:4      | Reached XP level 7. HP: 35/36 MP: 9/13
  3097 | D:4      | Found a staircase to the Ecumenical Temple.
  3109 | Temple   | Entered the Ecumenical Temple
  3116 | Temple   | Became a worshipper of Vehumet
  3224 | D:4      | Reached skill level 4 in Conjurations
  3239 | D:4      | Found a sand-covered staircase.
  3272 | Ossuary  | Entered an ossuary
  3565 | Ossuary  | Noticed a wraith
  3565 | Ossuary  | Noticed a flying skull
  3577 | Ossuary  | Noticed a wraith
  3581 | Ossuary  | Killed a wraith
  3582 | Ossuary  | Reached skill level 7 in Earth Magic
  3650 | Ossuary  | Noticed a flying skull
  3651 | Ossuary  | Noticed a flying skull
  3653 | Ossuary  | Noticed a flying skull
  3764 | Ossuary  | Noticed a wraith
  3775 | Ossuary  | HP: 5/36 [wraith (7)]
  3776 | Ossuary  | Killed a wraith
  3777 | Ossuary  | Reached skill level 5 in Spellcasting
  3777 | Ossuary  | Reached skill level 5 in Conjurations
  3777 | Ossuary  | Reached XP level 8. HP: 6/41 MP: 11/15
  3903 | Ossuary  | Noticed a flying skull
  4184 | D:4      | Found a broken altar of Ashenzari.
  4201 | D:4      | Found a blossoming altar of Fedhas.
  4464 | D:4      | Found a sparkling altar of Nemelex Xobeh.
  4468 | D:4      | You add the spells Gell's Gravitas, Teleport Other and
                  | Dispersal to your library.
  4584 | D:4      | HP: 8/41 [ogre/+0 giant spiked club (33)]
  4874 | D:4      | You pick up a book of the Sky and begin reading...
  4874 | D:4      | You add the spells Summon Lightning Spire, Storm Form and
                  | Maxwell's Capacitive Coupling to your library.
  4896 | D:4      | Found a basalt altar of Yredelemnul.
  4984 | D:4      | Reached * piety under Vehumet
  4984 | D:4      | Offered knowledge of Freeze by Vehumet.
  5246 | D:5      | Entered Level 5 of the Dungeon
  5297 | D:5      | Found a shadowy altar of Dithmenos.
  5354 | D:5      | Reached skill level 8 in Earth Magic
  5622 | D:5      | Reached skill level 6 in Conjurations
  5751 | D:5      | Noticed Ijyb
  5755 | D:5      | Killed Ijyb
  5786 | D:5      | Found a sacrificial altar of Ru.
  5863 | D:5      | Reached skill level 6 in Spellcasting
  6209 | D:5      | Found a stormy altar of Qazlal.
  6420 | D:6      | Reached XP level 9. HP: 45/45 MP: 5/18
  6505 | D:6      | You pick up a book of the Moon and begin reading...
  6505 | D:6      | You add the spells Passage of Golubria, Silence and
                  | Lehudib's Crystal Spear to your library.
  6568 | D:6      | Reached skill level 9 in Earth Magic
  6802 | D:6      | Reached skill level 7 in Conjurations
  7419 | D:7      | Found Juzuoh's Assorted Antiques.
  7425 | D:7      | Bought a scroll labelled SIAZUSM QUYMP for 29 gold pieces
  7425 | D:7      | Bought a scroll of identify for 58 gold pieces
  7429 | D:7      | Found Metrou's Distillery.
  7475 | D:7      | Bought a potion of heal wounds for 75 gold pieces
  7475 | D:7      | Bought a potion of brilliance for 60 gold pieces
  7499 | D:7      | Found a glowing golden altar of the Shining One.
  7661 | D:7      | Found Joxzudghi's Assorted Antiques.
  7666 | D:7      | Bought a potion of curing for 75 gold pieces
  7666 | D:7      | Bought 2 bubbling brown potions for 45 gold pieces
  7666 | D:7      | Bought a scroll of identify for 50 gold pieces
  7666 | D:7      | Bought a scroll of identify for 50 gold pieces
  8028 | D:7      | Reached skill level 7 in Spellcasting
  8249 | D:8      | Learned a level 8 spell: Lehudib's Crystal Spear
  8368 | D:8      | Reached skill level 10 in Earth Magic
  8472 | D:8      | Reached skill level 8 in Conjurations
  8475 | D:8      | Reached ** piety under Vehumet
  8478 | D:8      | Offered knowledge of Shock by Vehumet.
  8547 | D:8      | Found Himyhoz's Antique Armour Shop.
  8561 | D:8      | Noticed Maurice
  8578 | D:8      | Killed Maurice
  8579 | D:8      | Reached XP level 10. HP: 43/50 MP: 5/21
  8747 | D:8      | Found a snail-covered altar of Cheibriados.
  9292 | D:9      | HP: 9/50 [killer bee (7)]
  9446 | D:9      | Reached skill level 8 in Spellcasting
  9499 | D:9      | Reached skill level 9 in Conjurations
  9500 | D:9      | Reached skill level 11 in Earth Magic
  9751 | D:9      | Noticed a two-headed ogre
  9756 | D:8      | HP: 10/50 [two-headed ogre/+0 giant spiked club (21)]
  9756 | D:8      | HP: 1/50 [two-headed ogre/+0 giant spiked club (9)]
  9757 | D:8      | Killed a two-headed ogre
 10112 | D:9      | Reached skill level 10 in Conjurations
 10196 | D:9      | Noticed a tengu warrior
 10196 | D:9      | Noticed Jano's ghost (novice HOFi)
 10196 | D:9      | Noticed a two-headed ogre
 10199 | D:9      | You pick up a book of Decay and begin reading...
 10199 | D:9      | You add the spells Dispel Undead and Death Channel to your
                  | library.
 10201 | D:9      | Found a bloodstained altar of Trog.
 10201 | D:9      | Noticed a two-headed ogre
 10218 | D:9      | Offered knowledge of Static Discharge by Vehumet.
 10264 | D:9      | Reached skill level 9 in Spellcasting
 10264 | D:9      | Reached skill level 12 in Earth Magic
 10264 | D:9      | Reached XP level 11. HP: 45/54 MP: 9/24
 10343 | D:9      | You pick up a book of Touch and begin reading...
 10343 | D:9      | You add the spells Kiss of Death and Confusing Touch to
                  | your library.
 10427 | D:9      | Noticed a moth of wrath
 10432 | D:9      | Found a transporter.
 10448 | D:9      | Found a transporter.
 10474 | D:9      | Identified the +2 cloak of Gunelis {*Corrode rF+ Str+4}
 10750 | D:10     | Entered Level 10 of the Dungeon
 10768 | D:10     | Identified the +2 robe of the Armoured One {rF+ Str+2}
 10772 | D:10     | Noticed a two-headed ogre
 10780 | D:10     | Killed a two-headed ogre
 11269 | D:10     | Found a staircase to the Lair.
 11362 | D:10     | Reached *** piety under Vehumet
 11955 | Lair:1   | Entered Level 1 of the Lair of Beasts
 11957 | Lair:1   | Offered knowledge of Frozen Ramparts by Vehumet.
 12022 | Lair:1   | Reached skill level 11 in Conjurations
 12231 | Lair:1   | Reached skill level 1 in Fighting
 12347 | Lair:1   | Reached skill level 2 in Dodging
 12347 | Lair:1   | Reached skill level 13 in Earth Magic
 12581 | Lair:1   | Reached skill level 10 in Spellcasting
 12703 | Lair:1   | Reached skill level 2 in Fighting
 12964 | Lair:1   | You pick up a book of Displacement and begin reading...
 13072 | Lair:1   | Reached XP level 12. HP: 63/63 MP: 17/26
 13080 | Lair:1   | Reached **** piety under Vehumet
 13193 | Lair:1   | You pick up a book of Power and begin reading...
 13193 | Lair:1   | You add the spells Iskenderun's Battlesphere, Iron Shot and
                  | Spellforged Servitor to your library.
 13334 | Lair:1   | HP: 10/64 [yak (12)]
 13335 | Lair:1   | HP: 2/64 [yak (8)]
 13336 | Lair:1   | Mangled by a yak

Vanquished Creatures
  2 two-headed ogres
  3 elephants (Lair:1)
  Maurice (D:8)
  2 black mambas (Lair:1)
  2 cane toads (Lair:1)
  A kobold demonologist (D:10)
  An unseen horror (D:10)
  Grinder (D:3)
  A vampire (D:10)
  3 wraiths
  3 wyverns
  4 steam dragons
  17 yaks
  An acid dragon (D:10)
  2 water moccasins
  A black bear (D:8)
  3 orc warriors
  An ice beast (D:5)
  A sky beast (D:8)
  3 ogres
  5 centaurs
  6 bullfrogs
  11 kobold brigands (D:10)
  2 necrophages (D:6)
  2 scorpions
  15 wights
  11 killer bees
  2 howler monkeys
  6 hounds
  3 orc priests
  A gnoll bouda (D:9)
  3 jellies
  An iguana (D:4)
  Ijyb (D:5)
  5 orc wizards
  A mummy (D:4)
  2 gnolls (D:1)
  3 adders
  2 shadow imps (D:8)
  A white imp (D:5)
  An ufetubus (D:4)
  4 worms
  2 dart slugs
  34 orcs
  10 ball pythons
  5 bats
  7 endoplasms
  4 giant cockroaches
  8 goblins
  8 hobgoblins
  3 jackals (D:2)
  14 kobolds
  6 quokkas
  2 ball python skeletons (Ossuary)
  5 frilled lizards
  A hobgoblin skeleton (Ossuary)
  A hobgoblin zombie (Ossuary)
  An orc skeleton (Ossuary)
  2 orc zombies (Ossuary)
  2 rats (D:1)
256 creatures vanquished.

Vanquished Creatures (collateral kills)
  An elephant (Lair:1)
1 creature vanquished.

Vanquished Creatures (others)
  2 fungi (Lair:1)
  2 plants (Lair:1)
4 creatures vanquished.

Grand Total: 261 creatures vanquished

Table legend:
 A = Non-vault XP
 B = Vault XP
 C = Vault XP percentage of total XP
 D = Non-vault monster count
 E = Vault monster count
 F = Vault count percentage of total count
                 A         B        C        D         E       F
            +---------+---------+-------+---------+---------+-------
      Total |   13910 |    5808 |  29.5 |     195 |      62 |  24.1
            +---------+---------+-------+---------+---------+-------
        D:1 |      72 |       2 |   2.7 |      28 |       1 |   3.4
        D:2 |      48 |       0 |   0.0 |      18 |       0 |   0.0
        D:3 |      47 |     290 |  86.1 |      14 |       1 |   6.7
        D:4 |     271 |     171 |  38.7 |      12 |      16 |  57.1
        D:5 |     560 |      33 |   5.6 |      16 |       1 |   5.9
        D:6 |     838 |       0 |   0.0 |      11 |       0 |   0.0
        D:7 |     577 |       0 |   0.0 |      10 |       0 |   0.0
        D:8 |    1420 |    1754 |  55.3 |      34 |       5 |  12.8
        D:9 |    1233 |    1452 |  54.1 |      11 |      11 |  50.0
       D:10 |    2085 |    1376 |  39.8 |      17 |      14 |  45.2
     Lair:1 |    6759 |       0 |   0.0 |      24 |       0 |   0.0
    Ossuary |       0 |     730 | 100.0 |       0 |      13 | 100.0
            +---------+---------+-------+---------+---------+-------

Illustrated notes

Table legend:
 A = Kills in this place as a percentage of kills in entire the game.
 B = Kills by you in this place as a percentage of kills by you in the entire game.
 C = Kills by friends in this place as a percentage of kills by friends in the entire game.
 D = Other kills in this place as a percentage of other kills in the entire game.
 E = Experience gained in this place as a percentage of experience gained in the entire game.
 F = Experience gained in this place divided by the number of levels of this place that you have seen.
                   A       B       C       D       E      F
               +-------+-------+-------+-------+-------+----------------------
         Total | 100.0 | 100.0 | 100.0 |   N/A | 100.0 | 1516.8
       Dungeon |  85.6 |  85.9 |   0.0 |   N/A |  62.0 | 1222.9
          Lair |   9.3 |   9.0 | 100.0 |   N/A |  34.3 | 6759.0
       Ossuary |   5.1 |   5.1 |   0.0 |   N/A |   3.7 | 730.0
               +-------+-------+-------+-------+-------+----------------------

Table legend: (Time is in decaauts)
 A = Elapsed time spent in this place.
 B = Non-inter-level travel time spent in this place.
 C = Inter-level travel time spent in this place.
 D = Time resting spent in this place.
 E = Time spent auto-exploring this place.
 F = Levels seen in this place.
 G = Mean time per level.
                   A        B        C        D        E       F      G
               +--------+--------+--------+--------+--------+-----+--------+
         Total |  13530 |  13134 |    396 |   1168 |  10251 |  13 | 1040.8 |
       Dungeon |  11374 |  11015 |    359 |   1022 |   8632 |  10 | 1137.4 |
        Temple |     14 |      8 |      6 |      0 |      0 |   1 |   14.0 |
          Lair |   1397 |   1367 |     30 |    119 |   1038 |   1 | 1397.0 |
       Ossuary |    743 |    743 |      0 |     26 |    581 |   1 |  743.0 |
               +--------+--------+--------+--------+--------+-----+--------+

Top non-repeatable levels by time:
     D:8: 1662 daAuts
     D:4: 1654 daAuts
  Lair:1: 1397 daAuts
    D:10: 1223 daAuts
     D:6: 1181 daAuts
     D:2: 1039 daAuts
     D:5: 1011 daAuts
     D:1: 1001 daAuts
     D:9: 886 daAuts
     D:3: 886 daAuts
     D:7: 828 daAuts
 Ossuary: 743 daAuts
  Temple: 14 daAuts
